 Dungeon Crawl Stone Soup version 0.26-a0-597-gb535b0901c (webtiles) character file.

Game seed: 6720216758118680672

(classic levelgen) 12434 EnegeticOcto the Carver (level 11, 0/103 HPs)
             Began as a Deep Dwarf Fighter on Sept 1, 2020.
             Was a High Priest of Makhleb.
             Killed from afar by a blizzard demon (30 damage)
             ... with a bolt of cold
             ... on level 1 of the Abyss.
             The game lasted 00:06:50 (7170 turns).

EnegeticOcto the Carver (Deep Dwarf Fighter)        Turns: 7170, Time: 00:06:50

Health: 0/103      AC: 19    Str: 21    XL:     11   Next: 62%
Magic:  7/7        EV: 10    Int: 10    God:    Makhleb [*****.]
Gold:   521        SH:  0    Dex: 21    Spells: 10/10 levels left

rFire    . . .     SeeInvis .   n - +8 triple sword "Zaonebuq" {freeze, rElec Dex+5}
rCold    . . .     Faith    +   (shield currently unavailable)
rNeg     . . .     Spirit   .   b - +0 plate armour
rPois    .         Reflect  .   f - +0 helmet
rElec    +         Harm     .   C - +0 cloak
rCorr    .                      x - +0 pair of fencer's gloves {Riposte Dex+3}
MR       +....                  E - +1 pair of boots
Stlth    ..........             r - amulet of faith
HPRegen  0.00/turn              (no ring)
MPRegen  0.10/turn              (no ring)

@: non-regenerating, heavily drained
A: damage resistance, heal wounds, sense surroundings 2, no regeneration
a: Heal Wounds, Minor Destruction, Lesser Servant of Makhleb, Major Destruction,
Greater Servant of Makhleb, Renounce Religion


You were on level 1 of the Abyss.
You worshipped Makhleb.
Makhleb was extremely pleased with you.
You visited 2 branches of the dungeon, and saw 12 of its levels.
You visited the Abyss 1 time.
You also visited: Ossuary.

You collected 821 gold pieces.
You spent 300 gold pieces at shops.

Inventory:

Hand Weapons
 n - the +8 triple sword "Zaonebuq" (weapon) {freeze, rElec Dex+5}
   (You found it on level 2 of the Dungeon)

   It has been specially enchanted to freeze those struck by it, causing extra
   injury to most foes and up to half again as much damage against particularly
   susceptible opponents.
   It can also slow down cold-blooded creatures.
   It affects your dexterity (+5).
   It insulates you from electricity.
 o - a +2 great sword of protection
Armour
 b - a +0 plate armour (worn)
 f - a +0 helmet (worn)
 x - the +0 pair of fencer's gloves (worn) {Riposte Dex+3}
   (You found it on level 10 of the Dungeon)

   It affects your dexterity (+3).
 C - a +0 cloak (worn)
 E - a +1 pair of boots (worn)
Jewellery
 r - an amulet of faith (around neck)
 u - a cursed amulet of inaccuracy {unknown}
Wands
 l - a wand of disintegration (16)
Scrolls
 c - 4 scrolls of immolation {@r4}
 i - 8 scrolls of identify {@r1}
 j - 2 scrolls of blinking
 m - 2 scrolls of enchant armour
 p - 5 scrolls of remove curse {@r2}
 q - 6 scrolls of teleportation {@r3}
 y - 2 scrolls of enchant weapon
 z - 4 scrolls of fear
 D - a scroll of random uselessness {unknown}
Potions
 a - a potion of lignification {@q7}
 d - 3 potions of might {@q3}
 e - 2 potions of cancellation
 g - 3 potions of magic
 h - a potion of stabbing {@q5}
 k - 6 potions of curing {@q1}
 s - a potion of berserk rage
 t - 3 potions of heal wounds {@q2}
 w - 2 potions of ambrosia {unknown}
 A - a potion of resistance {@q6}
 B - 2 potions of haste {@q4}
Miscellaneous
 v - a condenser vane (2/2)


   Skills:
 + Level 7.8(6.0) Fighting
 * Level 10.6(8.6) Long Blades
   Level 4.4(2.7) Axes
 + Level 9.3(7.4) Armour
 + Level 8.2(6.3) Dodging
   Level 4.2(2.6) Shields
 + Level 7.0(5.2) Invocations
 + Level 2.8(1.2) Evocations


You had 10 spell levels left.
You didn't know any spells.
Your spell library was empty.

Dungeon Overview and Level Annotations

Branches:
Dungeon (11/15)            Temple (1/1) D:5            Lair (0/6) D:10
    Orc (0/2) D:10        Ossuary (visited)

Altars:
Ashenzari
Cheibriados
Dithmenos
Elyvilon
Fedhas
Gozag
Hepliaklqana
Kikubaaqudgha
Makhleb
Nemelex Xobeh
Okawaru
Qazlal
Ru
Sif Muna
Trog
Uskayaw
Vehumet
Wu Jian
Xom
Yredelemnul
Zin
The Shining One

Shops:
D:5 *   D:10 }

Annotations:
D:4 2 transporters


Innate Abilities, Weirdness & Mutations

You are resistant to damage.
You can heal yourself by infusing magical energy.
You passively map the area around you.
You do not regenerate.


Message History

You enter the shallow water.
Moving in this stuff is going to be slow.
You slash the gnoll! You freeze the gnoll.
The gnoll is almost dead.
The gnoll barely misses you. The gnoll closely misses you. x2
You completely miss the gnoll.
The gnoll is almost dead.
The gnoll hits you from afar with a +0 spear of chaos.
The gnoll burns you. The gnoll closely misses you.
The gnoll hits you with a +2 spear of chaos.
You are poisoned.
You closely miss the gnoll.
The gnoll is almost dead.
The gnoll hits you but does no damage. x2
You are cast into the Abyss!
To return, you must find a gate leading back.
Killing monsters will force the Abyss to allow you passage.
This branch contains the abyssal rune of Zot.
There is a fountain of clear blue water here.
You now have 521 gold pieces (gained 32).
You are no longer poisoned.
Found 9 arrows.
D - a scroll labeled NAERRE BIUSIPT No target in view!
No target in view!
No target in view!
No target in view!
No target in view!
No target in view!
A small abomination comes into view.
A small abomination is nearby!
You slice the small abomination!! You freeze the small abomination!
You destroy the small abomination!
Makhleb accepts your kill.
No target in view!
No target in view!
No target in view!
No target in view!
No target in view!
No target in view!
No target in view!
No target in view!
No target in view!
A blizzard demon comes into view.
The blizzard demon shouts!
No target in view!
A lich comes into view.
Found 13 gold pieces.
The lich shouts!
The lich points at you and mumbles some strange words.
The iron shot hits you!!
The blizzard demon waves its arms in wide circles.
The air twists around and strikes you!
The blizzard demon hits you but does no damage.
The blizzard demon misses you.
You slash the blizzard demon! You freeze the blizzard demon.
The blizzard demon is lightly wounded.
The blizzard demon gestures at you. The freezing blast engulfs you!!
You slice the blizzard demon!! You freeze the blizzard demon.
The blizzard demon is severely wounded.
You are engulfed in freezing vapours.
The blizzard demon is engulfed in freezing vapours.
The blizzard demon gestures at you. The freezing blast engulfs you.
The lich is engulfed in freezing vapours.
The lich touches you.
You feel drained.
The blizzard demon is engulfed in freezing vapours.
The blizzard demon hits you but does no damage. x2
You slash the blizzard demon! You freeze the blizzard demon.
The blizzard demon is almost dead.
You are engulfed in freezing vapours.
* * * LOW HITPOINT WARNING * * *
The lich is engulfed in freezing vapours.
The lich touches you.
* * * LOW HITPOINT WARNING * * *
You feel drained. The blizzard demon hits you.
* * * LOW HITPOINT WARNING * * *
The blizzard demon hits you but does no damage.
You are too injured to fight recklessly!
You are too injured to fight recklessly!
You are too injured to fight recklessly!
You are too injured to fight recklessly!
You are too injured to fight recklessly!
You are too injured to fight recklessly!
You are too injured to fight recklessly!
You are too injured to fight recklessly!
You are too injured to fight recklessly!
You are too injured to fight recklessly!
You're standing in a cloud of freezing vapour!
Your magical essence is drained by the effort!
You feel much better.
You are engulfed in freezing vapours.
* * * LOW HITPOINT WARNING * * *
The lich is engulfed in freezing vapours.
The lich gestures at you while chanting.
You resist with significant effort.
The blizzard demon is engulfed in freezing vapours.
The blizzard demon gestures at you. The bolt of cold hits you!!
You die...

### ## .. #.# .
## # #.###. #.###
. ##. . $...
2#.... #.
...#.###.........
. #.
.#...°.##.#.# .#
#. .##.#..##
#.°#L#. .. ##
.#.##..##.#2@#..#
#.... .######°°.#
#....
.#.##..##.#.#
###. #
###.#..#.## .#
#..# ##.## .## ..
### ###.###..# .
.#. .#....#..#
###### ###.#.#..#
#..# .#.....##..


You could see a lich and a blizzard demon.

Vanquished Creatures
  2 two-headed ogres
  2 ugly things (D:11)
  Psyche (D:8)
  A troll (D:9)
  A hornet (D:8)
  3 hippogriffs (D:9)
  Eustachio (D:4)
  2 wraiths
  A shadow (D:11)
  Menkaure (D:2)
  An acid dragon (D:11)
  4 wargs (D:10)
  2 porcupines (D:10)
  5 orc warriors
  3 black bears
  4 ice beasts
  4 phantoms
  7 ogres
  4 sky beasts
  2 eyes of draining (D:9)
  4 centaurs
  5 crocodiles
  A big kobold (D:11)
  5 bullfrogs
  A gnoll sergeant (D:8)
  A scorpion (D:4)
  A wyvern skeleton (D:11)
  21 killer bees
  12 wights
  5 howler monkeys
  2 centaur zombies
  A quasit (D:7)
  A gnoll shaman (D:4)
  8 orc priests
  8 hounds
  A centaur skeleton (D:9)
  Crazy Yiuf (D:6)
  3 jellies
  A bullfrog skeleton (D:6)
  9 worker ants
  5 iguanas
  15 orc wizards
  A small abomination (Abyss:1)
  2 hound skeletons
  A mummy (Ossuary)
  20 gnolls
  3 worker ant zombies
  17 adders
  4 river rats (D:5)
  An ufetubus (D:7)
  2 oozes
  3 adder zombies
  8 worms
  6 leopard geckos
  58 orcs
  A bat zombie (D:2)
  6 giant cockroaches
  17 goblins
  9 hobgoblins
  11 jackals
  6 quokkas
  A ball python (D:5)
  6 bats
  7 frilled lizards
  A giant cockroach zombie (D:2)
  6 gnoll skeletons (Ossuary)
  7 kobolds
  5 kobold skeletons (Ossuary)
  A leopard gecko skeleton (D:8)
  6 orc skeletons (Ossuary)
  A quokka zombie (D:8)
  15 rats
394 creatures vanquished.

Vanquished Creatures (others)
  23 fungi (D:10)
  48 plants
71 creatures vanquished.

Grand Total: 465 creatures vanquished

Notes
Turn   | Place    | Note
-------+----------+-------------------------------------------
     0 | D:1      | EnegeticOcto the Deep Dwarf Fighter began the quest for the
                  | Orb.
     0 | D:1      | Reached XP level 1. HP: 20/20 MP: 1/1
    93 | D:1      | Reached XP level 2. HP: 25/27 MP: 2/2
   300 | D:1      | Reached XP level 3. HP: 24/33 MP: 3/3
   629 | D:2      | Found a glowing golden altar of the Shining One.
   764 | D:2      | Found a shadowy altar of Dithmenos.
   796 | D:2      | Reached XP level 4. HP: 37/42 MP: 3/3
   881 | D:2      | Found a basalt altar of Yredelemnul.
   883 | D:2      | Noticed Menkaure
   886 | D:2      | Found an ancient bone altar of Kikubaaqudgha.
   894 | D:2      | Found a transporter.
   906 | D:2      | Found a transporter.
   917 | D:2      | Killed Menkaure
   917 | D:2      | Reached XP level 5. HP: 23/49 MP: 4/4
   931 | D:2      | Got a bloodstained triple sword
   932 | D:2      | Identified the +8 triple sword "Zaonebuq" {freeze, rElec
                  | Dex+5} (You found it on level 2 of the Dungeon)
  1027 | D:2      | Found a shimmering blue altar of Sif Muna.
  1239 | D:3      | Found a stormy altar of Qazlal.
  1329 | D:3      | Found an ornate altar of the Wu Jian Council.
  1365 | D:3      | Reached skill level 1 in Long Blades
  1365 | D:3      | Reached XP level 6. HP: 25/57 MP: 4/4
  1453 | D:3      | Reached skill level 1 in Dodging
  1701 | D:4      | Noticed Eustachio
  1719 | D:4      | Reached skill level 2 in Long Blades
  1761 | D:4      | Killed Eustachio
  1761 | D:4      | Reached skill level 3 in Long Blades
  1761 | D:4      | Reached skill level 5 in Armour
  1761 | D:4      | Reached XP level 7. HP: 48/64 MP: 3/3
  1824 | D:4      | You fall into a shaft and drop 3 floors!
  1869 | D:7      | Reached skill level 4 in Long Blades
  1986 | D:7      | Reached XP level 8. HP: 36/73 MP: 4/4
  2100 | D:7      | Reached skill level 5 in Long Blades
  2101 | D:7      | Reached skill level 5 in Fighting
  2232 | D:7      | Found a sand-covered staircase.
  2277 | Ossuary  | Entered an ossuary
  2291 | Ossuary  | Reached skill level 6 in Long Blades
  2483 | D:7      | Gained mutation: You passively map the area around you.
                  | [Deep Dwarf growth]
  2483 | D:7      | Reached XP level 9. HP: 66/81 MP: 4/4
  2559 | D:5      | Entered Level 5 of the Dungeon
  2694 | D:4      | Reached skill level 5 in Dodging
  2984 | D:4      | Found a transporter.
  3076 | D:4      | Found a transporter.
  3162 | D:5      | Found Cutesmon's General Store.
  3181 | D:5      | Reached skill level 7 in Long Blades
  3364 | D:5      | Identified the +2 robe of Articulation {Rampage rN+ Regen+
                  | Dex-3}
  3385 | D:5      | Found a staircase to the Ecumenical Temple.
  3395 | Temple   | Entered the Ecumenical Temple
  3421 | Temple   | Became a worshipper of Makhleb the Destroyer
  3579 | D:5      | Reached skill level 1 in Invocations
  3785 | D:6      | Reached * piety under Makhleb
  3848 | D:6      | Found a shattered altar of Ashenzari.
  3877 | D:6      | Found a shimmering altar of Xom.
  4045 | D:6      | Reached skill level 8 in Long Blades
  4104 | D:6      | Found a runed translucent door.
  4105 | D:6      | Noticed Crazy Yiuf
  4189 | D:6      | Found an iron altar of Okawaru.
  4273 | D:6      | Killed Crazy Yiuf
  4520 | D:7      | Reached ** piety under Makhleb
  4524 | D:7      | Reached XP level 10. HP: 65/92 MP: 6/6
  4929 | D:8      | You fall into a shaft and drop 2 floors!
  4929 | D:10     | Entered Level 10 of the Dungeon
  5059 | D:10     | Found a staircase to the Lair.
  5113 | D:10     | Reached skill level 9 in Long Blades
  5130 | D:9      | Reached *** piety under Makhleb
  5181 | D:9      | Noticed a two-headed ogre
  5188 | D:9      | Killed a two-headed ogre
  5188 | D:9      | Reached skill level 5 in Invocations
  5248 | D:9      | Found a shattered altar of Ashenzari.
  5275 | D:9      | Found a hide-covered altar of Uskayaw.
  5348 | D:9      | Reached XP level 11. HP: 87/100 MP: 9/9
  5387 | D:9      | Reached **** piety under Makhleb
  5509 | D:9      | Found a bloodstained altar of Trog.
  5864 | D:8      | Reached skill level 10 in Long Blades
  5915 | D:8      | Noticed Psyche
  5919 | D:8      | Killed Psyche
  6071 | D:10     | Found a staircase to the Orcish Mines.
  6125 | D:10     | Found Deufu's Gadget Shoppe.
  6129 | D:10     | Bought a condenser vane (2/2) for 300 gold pieces
  6526 | D:10     | Found the +0 pair of fencer's gloves {Riposte Dex+3}
  6666 | D:11     | Noticed a two-headed ogre
  6677 | D:11     | Killed a two-headed ogre
  6677 | D:11     | Reached skill level 1 in Evocations
  6689 | D:11     | Noticed a brown ugly thing
  6696 | D:11     | Killed a brown ugly thing
  6696 | D:11     | Reached ***** piety under Makhleb
  6910 | D:11     | Noticed a purple ugly thing
  6920 | D:11     | Killed a purple ugly thing
  7082 | D:11     | Cast into level 1 of the Abyss (gnoll)
  7154 | Abyss:1  | Noticed a blizzard demon
  7164 | Abyss:1  | Noticed a lich
  7170 | Abyss:1  | Killed from afar by a blizzard demon

Illustrated notes

Levels and vault maps discovered:
D:1:      psy_arrival_terrarium, layout_loops_corners
D:2:      layout_rooms, gammafunk_temple_of_torment, lemuel_blue_sif_altar,
          nicolae_dithmenos_shadow_blocks, lemuel_coloured_pillars_altar,
          serial_glass, glass_columns_a, glass_columns_a, glass_columns_b,
          glass_columns_a, glass_columns_a
D:3:      layout_basic, lemuel_round_altar, marbit_many_paths, serial_glass,
          glass_columns_c, glass_columns_c
D:4:      gammafunk_wand_slinger, layout_basic, uniq_eustachio
D:5:      wad_woods_tower, layout_basic, temple_fountains, serial_shops, shop
D:6:      layout_basic, lemuel_doored_altar, kennysheep_mini_moat,
          okawaru_altar_gauntlet_db, uniq_crazy_yiuf_cottage
D:7:      layout_layer_cave, nicolae_ossuary_entry_ruins, enter_bailey_6
D:8:      layout_loops_ring, minmay_misc_feat_rows, uniq_psyche
D:9:      layout_roguey, eat_drink_and_be_merry_uskayaw, trog_eyes_of_draining,
          lemuel_statue_altar
D:10:     layout_gridville, due_lair_maze_entry_diamond,
          minmay_orc_entry_guard_dogs, serial_shops, nicolae_shop_crystal,
          dk_rats_in_the_wall
D:11:     layout_big_octagon, tgw_xom
Temple:   eino_temple_lava
Abyss:1:  base:
D:1

Skill      XL: |  1  2  3  4  5  6  7  8  9 10 11 |
---------------+----------------------------------+-----
Axes           | 3 4 |  4.4
Fighting       | 3 4 5 6 7 |  7.8
Armour         | 4 5 6 7 8 9 |  9.3
Shields        | 4 |  4.2
Long Blades    | 1 3 4 6 8 9 10 | 10.6
Dodging        | 2 3 4 6 7 8 |  8.2
Invocations    | 3 5 7 |  7.0
Evocations     | 2 |  2.8

Action                   |  1- 3 |  4- 6 |  7- 9 | 10-12 || total
-------------------------+-------+-------+-------+-------++-------
Melee: War axe           |   113 |    35 |       |       ||   148
       Triple sword      |       |    90 |   218 |   278 ||   586
 Abil: Heal Wounds       |     1 |     5 |     9 |     8 ||    23
  Use: Scroll            |     2 |       |    16 |     3 ||    21
Armor: Scale mail        |    70 |    71 |   142 |       ||   283
       Chain mail        |       |       |    22 |    92 ||   114
       Plate armour      |       |       |       |   234 ||   234
Dodge: Dodged            |    45 |    93 |   231 |   342 ||   711
Block: Kite shield       |    71 |    25 |       |       ||    96
       Rpst.: Triple sword |       |    21 |    73 |   104 ||   198

Table legend: (Time is in decaauts)
 A = Elapsed time spent in this place.
 B = Non-inter-level travel time spent in this place.
 C = Inter-level travel time spent in this place.
 D = Time resting spent in this place.
 E = Time spent auto-exploring this place.
 F = Levels seen in this place.
 G = Mean time per level.
                   A        B        C        D        E       F      G
               +--------+--------+--------+--------+--------+-----+--------+
         Total |   7560 |   7103 |    457 |      0 |   4903 |  14 |  540.0 |
       Dungeon |   7287 |   6838 |    449 |      0 |   4760 |  11 |  662.5 |
        Temple |     35 |     27 |      8 |      0 |      5 |   1 |   35.0 |
         Abyss |     89 |     89 |      0 |      0 |     74 |   1 |   89.0 |
       Ossuary |    147 |    147 |      0 |      0 |     64 |   1 |  147.0 |
               +--------+--------+--------+--------+--------+-----+--------+

Top non-repeatable levels by time:
     D:7: 1083 daAuts
    D:10: 839 daAuts
     D:4: 725 daAuts
     D:9: 673 daAuts
     D:5: 672 daAuts
     D:3: 630 daAuts
     D:1: 629 daAuts
     D:6: 573 daAuts
     D:2: 542 daAuts
     D:8: 470 daAuts
    D:11: 447 daAuts
 Ossuary: 147 daAuts
 Abyss:1: 89 daAuts
  Temple: 35 daAuts
